| TOP OF THE 1ST |
|
New York Yankees batting - Pitching for St. Louis Cardinals : RHP Rene Arocha
|
|
Pitching: RHP Rene Arocha
|
|
|
Batting: RHB Orlando Cabrera
|
0-0: Ball 1-0: Called Strike 1-1: Called Strike 1-2: Fly out, F7 (Line Drive, 7, EV 92.5 MPH)
|
|
Batting: LHB Bobby Abreu
|
0-0: Called Strike 0-1: Called Strike 0-2: Ball 1-2: Strikes out swinging
|
|
Batting: RHB Kazuhiro Kiyohara
|
0-0: Ball 1-0: Called Strike 1-1: Foul Ball, location: 2F 1-2: Ball 2-2: Foul Ball, location: 2F 2-2: Foul Ball, location: 2F 2-2: Ground out 6-3 (Groundball, 6, EV 87.5 MPH)
|
| Top of the 1st over - 0 runs, 0 hits, 0 errors, 0 left on base; New York 0 - St. Louis 0 |
| BOTTOM OF THE 1ST |
|
St. Louis Cardinals batting - Pitching for New York Yankees : LHP Brian Bohanon
|
|
Pitching: LHP Brian Bohanon
|
|
|
Batting: RHB Jay Bell
|
0-0: Foul Ball, location: 2F 0-1: Foul Ball, location: 2F 0-2: Ball 1-2: Fly out, F5 (Popup, 5SF, EV 71.9 MPH)
|
|
Batting: RHB John Valentin
|
0-0: Foul Ball, location: 2F 0-1: Called Strike 0-2: Ball 1-2: Foul Ball, location: 2F 1-2: Ball 2-2: Strikes out looking
|
|
Batting: LHB Brian S Giles
|
0-0: Swinging Strike 0-1: Foul Ball, location: 2F 0-2: Ball 1-2: Foul Ball, location: 2F 1-2: Ball 2-2: Ball 3-2: SOLO HOME RUN (Flyball, 89XD, EV 97.5 MPH), Distance : 408 ft
|
|
Batting: RHB Ivan Calderon
|
0-0: Ball 1-0: Called Strike 1-1: Ball 2-1: SINGLE (Groundball, 5D, EV 94.4 MPH)
|
|
Batting: LHB Karim Garcia
|
0-0: Called Strike 0-1: Ball Ivan Calderon steals 2nd base 1-1: Foul Ball, location: 2F 1-2: Foul Ball, location: 2F 1-2: Ball 2-2: Ball 3-2: Base on Balls
|
|
Batting: RHB Dickie Thon
|
0-0: Called Strike 0-1: Ball 1-1: Fielders Choice at 2nd, U4 (Groundball, 4M, EV 101.9 MPH)
|
| Bottom of the 1st over - 1 run, 2 hits, 0 errors, 2 left on base; New York 0 - St. Louis 1 |
| TOP OF THE 2ND |
|
New York Yankees batting - Pitching for St. Louis Cardinals : RHP Rene Arocha
|
|
Batting: SHB Quinton McCracken
|
0-0: Called Strike 0-1: Ball 1-1: Swinging Strike 1-2: Strikes out swinging, 2-3 out at first.
|
|
Batting: RHB Ryan Thompson
|
0-0: Ball 1-0: Called Strike 1-1: Foul Ball, location: 2F 1-2: Foul Ball, location: 2F 1-2: Ball 2-2: Strikes out swinging
|
|
Batting: LHB Ed Giovanola
|
0-0: Called Strike 0-1: Foul Ball, location: 2F 0-2: Ball 1-2: Strikes out swinging
|
| Top of the 2nd over - 0 runs, 0 hits, 0 errors, 0 left on base; New York 0 - St. Louis 1 |
| BOTTOM OF THE 2ND |
|
St. Louis Cardinals batting - Pitching for New York Yankees : LHP Brian Bohanon
|
|
Batting: LHB Steve Finley
|
0-0: Ball 1-0: Ball 2-0: Ball 3-0: Called Strike 3-1: Ground out 1-3 (Groundball, 34S, EV 82.5 MPH)
|
|
Batting: RHB Damian Miller
|
0-0: Called Strike 0-1: Ball 1-1: Fly out, F8 (Flyball, 8LM, EV 83.8 MPH)
|
|
Batting: SHB Stan Javier
|
0-0: Called Strike 0-1: Foul Ball, location: 2F 0-2: Ball 1-2: Strikes out swinging
|
| Bottom of the 2nd over - 0 runs, 0 hits, 0 errors, 0 left on base; New York 0 - St. Louis 1 |
| TOP OF THE 3RD |
|
New York Yankees batting - Pitching for St. Louis Cardinals : RHP Rene Arocha
|
|
Batting: LHB J.R. Phillips
|
0-0: Foul Ball, location: 2F 0-1: Ball 1-1: Ball 2-1: Fly out, F7 (Flyball, 7D, EV 74.4 MPH)
|
|
Batting: RHB Mike Gallego
|
0-0: Ball 1-0: Ball 2-0: Ball 3-0: Called Strike 3-1: Called Strike 3-2: Strikes out swinging
|
|
Batting: LHB Jeff Grotewold
|
0-0: Foul Ball, location: 2F 0-1: Ball 1-1: Ball 2-1: Fly out, F9 (Line Drive, 9D, EV 88.1 MPH)
|
| Top of the 3rd over - 0 runs, 0 hits, 0 errors, 0 left on base; New York 0 - St. Louis 1 |
| BOTTOM OF THE 3RD |
|
St. Louis Cardinals batting - Pitching for New York Yankees : LHP Brian Bohanon
|
|
Batting: RHB Jay Bell
|
0-0: Swinging Strike 0-1: Foul Ball, location: 2F 0-2: Ball 1-2: Ball 2-2: Foul Ball, location: 2F 2-2: Ball 3-2: Base on Balls
|
|
Batting: RHB John Valentin
|
0-0: Bunted foul 0-1: Bunt missed! 0-2: Ball 1-2: Ball 2-2: Foul Ball, location: 2F 2-2: SINGLE (Groundball, 34D, EV 96.9 MPH) Jay Bell to second Runner from 2nd tries for 3rd, OUT! 9-5
|
|
Batting: LHB Brian S Giles
|
0-0: Ball 1-0: Called Strike 1-1: Ball 2-1: Fielders Choice at 2nd, 3-6 (Groundball, 3, EV 76.3 MPH)
|
|
Batting: RHB Ivan Calderon
|
0-0: Ball 1-0: Foul Ball, location: 2F 1-1: SINGLE (Groundball, 6D, EV 108.8 MPH) Brian S Giles to second
|
|
Batting: LHB Karim Garcia
|
0-0: Ground out 4-3 (Groundball, 4, EV 106.9 MPH)
|
| Bottom of the 3rd over - 0 runs, 2 hits, 0 errors, 2 left on base; New York 0 - St. Louis 1 |
| TOP OF THE 4TH |
|
New York Yankees batting - Pitching for St. Louis Cardinals : RHP Rene Arocha
|
|
Batting: RHB Orlando Cabrera
|
0-0: Ball 1-0: Fly out, F3 (Line Drive, 3, EV 68.8 MPH)
|
|
Batting: LHB Bobby Abreu
|
0-0: Ball 1-0: Ball 2-0: Ball 3-0: Base on Balls
|
|
Batting: RHB Kazuhiro Kiyohara
|
0-0: Ball Bobby Abreu is caught stealing 2nd base 2-4 1-0: Called Strike 1-1: Ball 2-1: Ball 3-1: Foul Ball, location: 2F 3-2: Fly out, F8 (Flyball, 8LM, EV 88.8 MPH)
|
| Top of the 4th over - 0 runs, 0 hits, 0 errors, 0 left on base; New York 0 - St. Louis 1 |
| BOTTOM OF THE 4TH |
|
St. Louis Cardinals batting - Pitching for New York Yankees : LHP Brian Bohanon
|
|
Batting: RHB Dickie Thon
|
0-0: Ball 1-0: Called Strike 1-1: Fly out, F8 (Flyball, 8RM, EV 91.3 MPH)
|
|
Batting: LHB Steve Finley
|
0-0: Ball 1-0: Ball 2-0: Fly out, F7 (Flyball, 7, EV 86.9 MPH)
|
|
Batting: RHB Damian Miller
|
0-0: Fly out, F7 (Flyball, 78D, EV 95.6 MPH)
|
| Bottom of the 4th over - 0 runs, 0 hits, 0 errors, 0 left on base; New York 0 - St. Louis 1 |
| TOP OF THE 5TH |
|
New York Yankees batting - Pitching for St. Louis Cardinals : RHP Rene Arocha
|
|
Batting: SHB Quinton McCracken
|
0-0: Ball 1-0: Called Strike 1-1: Ball 2-1: Ball 3-1: Foul Ball, location: 2F 3-2: SOLO HOME RUN (Flyball, 9LD, EV 106.3 MPH), Distance : 345 ft
|
|
Batting: RHB Ryan Thompson
|
0-0: Called Strike 0-1: Ball 1-1: Ball 2-1: SINGLE (Groundball, 6MD, EV 94.4 MPH)
|
|
Batting: LHB Ed Giovanola
|
0-0: Ball 1-0: Fielders Choice at 2nd, 1-6 (Groundball, 13, EV 70.0 MPH)
|
|
Batting: LHB J.R. Phillips
|
0-0: Ball 1-0: Grounds into double play, 5-4-3 (Groundball, 56, EV 80.0 MPH)
|
| Top of the 5th over - 1 run, 2 hits, 0 errors, 0 left on base; New York 1 - St. Louis 1 |
| BOTTOM OF THE 5TH |
|
St. Louis Cardinals batting - Pitching for New York Yankees : LHP Brian Bohanon
|
|
Batting: SHB Stan Javier
|
0-0: Called Strike 0-1: Foul Ball, location: 2F 0-2: Ball 1-2: Ball 2-2: Ball 3-2: SINGLE (Flyball, 89S, EV 85.6 MPH)
|
|
Batting: RHB Jay Bell
|
0-0: Ball Stan Javier steals 2nd base 1-0: Ball 2-0: Bunted foul 2-1: Bunt missed! 2-2: Ball 3-2: Base on Balls
|
|
Batting: RHB John Valentin
|
0-0: Bunted foul 0-1: Bunted foul 0-2: Fly out, F7 (Line Drive, 7S, EV 90.6 MPH)
|
|
Batting: LHB Brian S Giles
|
0-0: Ball 1-0: Ball 2-0: Ball 3-0: Called Strike 3-1: Foul Ball, location: 2F 3-2: Base on Balls Stan Javier to third Jay Bell to second
|
|
Batting: RHB Ivan Calderon
|
0-0: Fly out, F8 (Flyball, 89D, EV 110.0 MPH) Runner from 3rd tags up, SCORES, no throw by CF
|
|
Batting: LHB Karim Garcia
|
0-0: Ball 1-0: Foul Ball, location: 2F 1-1: 3-RUN HOME RUN (Line Drive, 9D, EV 98.8 MPH), Distance : 380 ft
|
|
Batting: RHB Dickie Thon
|
0-0: Foul Ball, location: 2F 0-1: Foul Ball, location: 2F 0-2: Ball 1-2: Strikes out swinging
|
| Bottom of the 5th over - 4 runs, 2 hits, 0 errors, 0 left on base; New York 1 - St. Louis 5 |
| TOP OF THE 6TH |
|
New York Yankees batting - Pitching for St. Louis Cardinals : RHP Rene Arocha
|
|
Batting: RHB Mike Gallego
|
0-0: Ball 1-0: Ball 2-0: Ball 3-0: Base on Balls
|
|
Batting: LHB Jeff Grotewold
|
0-0: Foul Ball, location: 2F 0-1: Ball 1-1: Ball 2-1: Bunt missed! 2-2: Grounds out, U3 (Groundball, 3L, EV 103.1 MPH)
|
|
Batting: RHB Orlando Cabrera
|
0-0: Ground out 6-3 (Groundball, 6, EV 92.5 MPH)
|
|
Batting: LHB Bobby Abreu
|
0-0: Ball 1-0: Foul Ball, location: 2F 1-1: Fly out, F8 (Line Drive, 8RM, EV 90.0 MPH)
|
| Top of the 6th over - 0 runs, 0 hits, 0 errors, 1 left on base; New York 1 - St. Louis 5 |
| BOTTOM OF THE 6TH |
|
St. Louis Cardinals batting - Pitching for New York Yankees : LHP Brian Bohanon
|
|
Batting: LHB Steve Finley
|
0-0: Called Strike 0-1: Ball 1-1: Foul Ball, location: 2F 1-2: Ball 2-2: Foul Ball, location: 2F 2-2: Ball 3-2: Foul Ball, location: 2F 3-2: Strikes out looking
|
|
Batting: RHB Damian Miller
|
0-0: Called Strike 0-1: Ground out 5-3 (Groundball, 56S, EV 67.5 MPH)
|
|
Batting: SHB Stan Javier
|
0-0: Called Strike 0-1: Ball 1-1: Ball 2-1: Ball 3-1: Called Strike 3-2: Base on Balls
|
|
Batting: RHB Jay Bell
|
0-0: Called Strike Stan Javier steals 2nd base 0-1: Ball Stan Javier steals 3rd base 1-1: Ball 2-1: DOUBLE (Flyball, 8RXD, EV 101.3 MPH) Stan Javier scores
|
|
Pitching: RHP Andy Ashby
|
|
|
Batting: RHB John Valentin
|
0-0: Ball 1-0: Swinging Strike 1-1: Called Strike 1-2: Strikes out swinging
|
| Bottom of the 6th over - 1 run, 1 hit, 0 errors, 1 left on base; New York 1 - St. Louis 6 |
| TOP OF THE 7TH |
|
New York Yankees batting - Pitching for St. Louis Cardinals : RHP Rene Arocha
|
|
Batting: RHB Kazuhiro Kiyohara
|
0-0: Ball 1-0: Ball 2-0: Swinging Strike 2-1: Ball 3-1: Called Strike 3-2: Strikes out looking
|
|
Pitching: RHP Mariano Rivera
|
|
|
Batting: SHB Quinton McCracken
|
0-0: Ball 1-0: Ball 2-0: Ball 3-0: Ground out U3 (Groundball, 3, EV 83.8 MPH)
|
|
Batting: RHB Ryan Thompson
|
0-0: Ball 1-0: Called Strike 1-1: Ball 2-1: Ball 3-1: Base on Balls
|
|
Batting: LHB Ed Giovanola
|
0-0: Ball 1-0: Called Strike 1-1: Ball 2-1: Foul Ball, location: 2F 2-2: Strikes out swinging
|
| Top of the 7th over - 0 runs, 0 hits, 0 errors, 1 left on base; New York 1 - St. Louis 6 |
| BOTTOM OF THE 7TH |
|
St. Louis Cardinals batting - Pitching for New York Yankees : RHP Andy Ashby
|
|
Batting: LHB Brian S Giles
|
0-0: Foul Ball, location: 2F 0-1: Foul Ball, location: 2F 0-2: Foul Ball, location: 2F 0-2: SOLO HOME RUN (Flyball, 9D, EV 93.1 MPH), Distance : 369 ft
|
|
Batting: RHB Ivan Calderon
|
0-0: Called Strike 0-1: Called Strike 0-2: SINGLE (Line Drive, 4MD, EV 98.8 MPH)
|
|
Batting: LHB Karim Garcia
|
0-0: Ball 1-0: Ball 2-0: Ball 3-0: Called Strike 3-1: Called Strike 3-2: Strikes out swinging Ivan Calderon steals 2nd, throwing error, E2 Ivan Calderon to third
|
|
Batting: RHB Dickie Thon
|
0-0: Fly out, F7 (Line Drive, 7D, EV 90.6 MPH) Runner from 3rd tags up, SCORES, no throw by LF
|
|
Pinch Hitting: RHB Doug Glanville
|
0-0: Fly out, F7 (Flyball, 78M, EV 89.4 MPH)
|
| Bottom of the 7th over - 2 runs, 2 hits, 1 error, 0 left on base; New York 1 - St. Louis 8 |
| TOP OF THE 8TH |
|
New York Yankees batting - Pitching for St. Louis Cardinals : RHP Mariano Rivera
|
|
Now in LF: Doug Glanville
|
|
|
Batting: LHB J.R. Phillips
|
0-0: Ball 1-0: Ball 2-0: Called Strike 2-1: Foul Ball, location: 2F 2-2: Ball 3-2: Strikes out swinging
|
|
Batting: RHB Mike Gallego
|
0-0: Ball 1-0: Called Strike 1-1: Foul Ball, location: 2F 1-2: Strikes out swinging
|
|
Batting: LHB Jeff Grotewold
|
0-0: Ball 1-0: Called Strike 1-1: Ground out 6-3 (Groundball, 6M, EV 109.4 MPH)
|
| Top of the 8th over - 0 runs, 0 hits, 0 errors, 0 left on base; New York 1 - St. Louis 8 |
| BOTTOM OF THE 8TH |
|
St. Louis Cardinals batting - Pitching for New York Yankees : RHP Andy Ashby
|
|
Batting: RHB Damian Miller
|
0-0: Called Strike 0-1: Ball 1-1: Fly out, F9 (Flyball, 9, EV 97.5 MPH)
|
|
Batting: SHB Stan Javier
|
0-0: Swinging Strike 0-1: Ball 1-1: Fly out, F9 (Flyball, 89S, EV 75.0 MPH)
|
|
Pinch Hitting: RHB Royce Clayton
|
0-0: Ball 1-0: Foul Ball, location: 2F 1-1: Ball 2-1: Ball 3-1: Foul Ball, location: 2F 3-2: Ground out 6-3 (Groundball, 6, EV 79.4 MPH)
|
| Bottom of the 8th over - 0 runs, 0 hits, 0 errors, 0 left on base; New York 1 - St. Louis 8 |
| TOP OF THE 9TH |
|
New York Yankees batting - Pitching for St. Louis Cardinals : RHP Mariano Rivera
|
|
Pitching: RHP Bryce Florie
|
|
|
Now at 3B: Royce Clayton
|
|
|
Pinch Hitting: SHB Edgar Caceres
|
0-0: Swinging Strike 0-1: Ball 1-1: Called Strike 1-2: Ball 2-2: Ground out 4-3 (Groundball, 4, EV 82.5 MPH)
|
|
Pinch Hitting: RHB Darren Lewis
|
0-0: Swinging Strike 0-1: Called Strike 0-2: Ground out 4-3 (Groundball, 34, EV 85.6 MPH)
|
|
Batting: RHB Kazuhiro Kiyohara
|
0-0: Called Strike 0-1: Ball 1-1: Called Strike 1-2: Ball 2-2: Hit by Pitch
|
|
Batting: SHB Quinton McCracken
|
0-0: Called Strike 0-1: Ball 1-1: Swinging Strike 1-2: Fielders Choice at 2nd, 5-4 (Groundball, 56, EV 86.9 MPH)
|
| Top of the 9th over - 0 runs, 0 hits, 0 errors, 1 left on base; New York 1 - St. Louis 8 |
|